 Dungeon Crawl Stone Soup version 0.29-a0-284-gf9362112df (webtiles) character file.

Game seed: 6886297115121268610

971 being54 the Sneak (level 7, -1/51 HPs)
             Began as a Demonspawn Brigand on Mar 17, 2022.
             Slain by an ogre
             ... wielding a +0 giant club
              (6 damage)
             ... on level 5 of the Dungeon.
             The game lasted 00:08:34 (3682 turns).

being54 the Sneak (Demonspawn Brigand)              Turns: 3682, Time: 00:08:35

Health: -1/51      AC:  7    Str: 11    XL:     7   Next: 94%
Magic:  7/7        EV: 12    Int: 12    God:
Gold:   341        SH:  0    Dex: 19    Spells: 6/6 levels left

rFire   . . .      SeeInvis .   a - +2 dagger
rCold   . . .      Faith    .   (no shield)
rNeg    . . .      Spirit   .   q - +0 leather armour
rPois   .          Reflect  .   (no helmet)
rElec   .          Harm     .   c - +0 cloak
rCorr   .          Rampage  .   j - +2 pair of gloves
Will    .....                   (no boots)
Stlth   +++++.....              (no amulet)
HPRegen 0.17/turn               (no ring)
MPRegen 0.10/turn               (no ring)

@: no status effects
A: thin skeletal structure 1, demonic guardian 1, spiny 2
a: no special abilities


You were on level 5 of the Dungeon.
You visited 1 branch of the dungeon, and saw 5 of its levels.

You collected 341 gold pieces.

Inventory:

Hand Weapons
 a - a +2 dagger (weapon)
Missiles
 d - 7 poisoned darts (quivered)
 e - 3 curare-tipped darts
Armour
 c - a +0 cloak (worn)
 j - a +2 pair of gloves (worn)
 q - a +0 leather armour (worn)
Scrolls
 f - 4 scrolls of teleportation
Potions
 b - a potion of haste {unknown}
 g - a potion of curing {unknown}
 h - 3 potions of cancellation
 i - 3 potions of mutation
 l - 2 potions of heal wounds
 n - a potion of resistance {unknown}


   Skills:
 + Level 2.9 Fighting
 + Level 4.2 Short Blades
 + Level 2.6 Throwing
 + Level 1.4 Armour
 + Level 2.5 Dodging
 + Level 7.5 Stealth


You had 6 spell levels left.
You didn't know any spells.
Your spell library contained the following spells:

 Spells                   Type           Power      Damage    Failure   Level
 Magic Dart               Conj           0%         1d3       41%         1
 Call Imp                 Summ           0%         N/A       54%         2
 Mephitic Cloud           Conj/Pois/Air  0%         N/A       78%         3


Dungeon Overview and Level Annotations

Branches:
Dungeon (5/15)
 Temple: D:4-7

Altars:


Innate Abilities, Weirdness & Mutations

You have a somewhat thin skeletal structure. (Dex +2, Stealth+)
A weak demonic guardian rushes to your aid.
You are mostly covered in sharp spines.


Message History

Found 15 gold pieces and 2 poisoned darts.
Found a stone staircase leading down.
There is a stone staircase leading up here.
Found a scroll of magic mapping.
The helpless jelly fails to defend itself.
You spit the jelly like a pig!!!
You kill the jelly!
Found a short sword.
An ogre comes into view. It is wielding a +0 giant club.
Found a short sword.
The helpless black bear fails to defend itself.
You perforate the black bear like a sieve!!!
You kill the black bear!
The ogre shouts!
The ogre barely misses you.
You hit the ogre.
The ogre is lightly wounded.
You hit the ogre.
The ogre is lightly wounded.
The ogre hits you with a +0 giant club.
You hit the ogre.
The ogre is moderately wounded.
You hit the ogre.
The ogre is moderately wounded.
The ogre hits you with a +0 giant club!
You hit the ogre.
The ogre is moderately wounded.
You hit the ogre.
The ogre is heavily wounded.
The ogre hits you with a +0 giant club!
Throw: 8 darts (poison)
Press: ? - help, Q - select action, (/) - cycle Shift-Dir - straight line, f - ogre
Aim: an ogre, wielding a +0 giant club (heavily wounded, 77% to hit)
You throw a poisoned dart. The poisoned dart hits the ogre.
The ogre is heavily wounded.
The ogre attacks as you move away! The ogre is struck by your spines.
The ogre hits you with a +0 giant club!!
* * * LOW HITPOINT WARNING * * *
The ogre attacks as you move away! The ogre hits you with a +0 giant club.
You die...

................
..............>..
.........$........#
..........$..(....##.
....................
...........##.....
#............... .
#.<@O........... ..
#............... ..
##......(........ ..
#...........).... ..
##............... ..
......#.......#....
.. ##....#.......#
... ..
#..##.......... .. ..
#.. #........#.. .


You could see an ogre.

Vanquished Creatures
  Grinder (D:3)
  Sigmund (D:2)
  2 black bears
  A necrophage (D:4)
  A hound (D:4)
  A jelly (D:5)
  7 gnolls (D:4)
  8 adders
  A worm (D:4)
  An orc (D:3)
  5 bats
  5 endoplasms
  A giant cockroach (D:1)
  8 goblins
  6 hobgoblins
  6 jackals
  6 kobolds
  8 quokkas
  12 ball pythons
  4 frilled lizards
  7 rats
92 creatures vanquished.

Vanquished Creatures (collateral kills)
  An ogre (D:5)
  A gnoll (D:4)
2 creatures vanquished.

Vanquished Creatures (others)
  2 fungi (D:3)
2 creatures vanquished.

Grand Total: 96 creatures vanquished

Notes
Turn   | Place    | Note
-------+----------+-------------------------------------------
     0 | D:1      | being54 the Demonspawn Brigand began the quest for the Orb.
     0 | D:1      | Reached XP level 1. HP: 16/16 MP: 1/1
   395 | D:1      | Reached skill level 4 in Stealth
   395 | D:1      | Gained mutation: You are partially covered in sharp spines.
                  | [demonic ancestry]
   395 | D:1      | Reached XP level 2. HP: 22/22 MP: 2/2
   900 | D:2      | Gained mutation: A weak demonic guardian rushes to your
                  | aid. [demonic ancestry]
   900 | D:2      | Reached XP level 3. HP: 27/27 MP: 3/3
  1078 | D:2      | Reached skill level 1 in Dodging
  1203 | D:2      | Noticed Sigmund
  1219 | D:2      | Killed Sigmund
  1220 | D:2      | Reached skill level 5 in Stealth
  1220 | D:2      | Reached XP level 4. HP: 21/34 MP: 4/4
  1220 | D:2      | Gained mutation: You are mostly covered in sharp spines.
                  | [demonic ancestry]
  1220 | D:2      | Reached XP level 5. HP: 24/39 MP: 5/5
  1535 | D:3      | Found a faded altar of an unknown god.
  1807 | D:3      | Reached XP level 6. HP: 46/46 MP: 6/6
  1838 | D:3      | Noticed Grinder
  1850 | D:3      | Paralysed by Grinder for 3 turns
  1857 | D:3      | Paralysed by Grinder for 3 turns
  1867 | D:3      | Killed Grinder
  1868 | D:3      | Reached skill level 6 in Stealth
  2605 | D:4      | Gained mutation: You have a somewhat thin skeletal
                  | structure. (Dex +2, Stealth+) [demonic ancestry]
  2605 | D:4      | Reached XP level 7. HP: 22/51 MP: 7/7
  2835 | D:4      | Reached skill level 7 in Stealth
  3310 | D:5      | Entered Level 5 of the Dungeon
  3357 | D:5      | Reached skill level 1 in Armour
  3682 | D:5      | Slain by an ogre

Illustrated notes

Levels and vault maps discovered:
D:1:      nzn_arrival_water_spiral, layout_basic
D:2:      layout_basic, uniq_sigmund
D:3:      minmay_chambers_of_twos, layout_loops_ring,
          dreamdust_ecumenical_altar_grove, minmay_snake_closets, uniq_grinder
D:4:      layout_basic
D:5:      layout_cave_pools

Skill      XL: |  1  2  3  4  5  6  7 |
---------------+----------------------+-----
Stealth        | 4 5 6 7 |  7.5
Short Blades   | 2 3 4 |  4.2
Dodging        | 1 2 |  2.5
Throwing       | 2 |  2.6
Armour         | 1 |  1.4
Fighting       | |  2.9

Action                   |  1- 3 |  4- 6 |  7- 9 || total
-------------------------+-------+-------+-------++-------
Melee: Dagger            |    51 |    67 |    46 ||   164
       Punch             |       |     1 |       ||     1
Throw: Dart              |     2 |     7 |     1 ||    10
  Use: Scroll            |     4 |       |     8 ||    12
 Stab: Sleeping          |    13 |    11 |     4 ||    28
       Distracted        |     1 |       |       ||     1
Armor: Robe              |    11 |    10 |       ||    21
       Leather armour    |       |     2 |    12 ||    14
Dodge: Dodged            |    20 |    27 |    21 ||    68

Table legend: (Time is in decaauts)
 A = Elapsed time spent in this place.
 B = Non-inter-level travel time spent in this place.
 C = Inter-level travel time spent in this place.
 D = Time resting spent in this place.
 E = Time spent auto-exploring this place.
 F = Levels seen in this place.
 G = Mean time per level.
                   A        B        C        D        E       F      G
               +--------+--------+--------+--------+--------+-----+--------+
         Total |   3656 |   3525 |    131 |    870 |   2039 |   5 |  731.2 |
       Dungeon |   3656 |   3525 |    131 |    870 |   2039 |   5 |  731.2 |
               +--------+--------+--------+--------+--------+-----+--------+

Top non-repeatable levels by time:
     D:4: 1095 daAuts
     D:3: 1082 daAuts
     D:1: 778 daAuts
     D:2: 648 daAuts
     D:5: 51 daAuts
